 Dungeon Crawl Stone Soup version 0.27-a0-1232-gc6a4cbde82 (webtiles) character file.

Game seed: 7377970779005751229

1598 Demosthentine the Spear-Bearer (level 8, -1/65 HPs)
             Began as a Merfolk Gladiator on June 8, 2021.
             Was an Initiate of the Shining One.
             Slain by a killer bee (3 damage)
             ... on level 6 of the Dungeon.
             The game lasted 00:11:33 (8714 turns).

Demosthentine the Spear-Bearer (Merfolk Gladiator)  Turns: 8714, Time: 00:11:34

Health: -1/65      AC:  6    Str: 16    XL:     8   Next: 94%
Magic:  0/8        EV: 16    Int:  7    God:    the Shining One [......]
Gold:   395        SH:  0    Dex: 16    Spells: 7/7 levels left

rFire    . . .     SeeInvis .   a - +0 trident
rCold    + . .     Faith    .   (no shield)
rNeg     . . .     Spirit   +   b - +0 leather armour
rPois    +         Reflect  .   c - +0 helmet
rElec    .         Harm     .   (no cloak)
rCorr    .         Rampage  .   g - +1 pair of gloves
Will     .....                  (no boots)
Stlth    +.........             f - amulet of guardian spirit
HPRegen  0.20/turn              k - ring of protection from cold
MPRegen  0.11/turn              r - ring of poison resistance

@: hasted, glowing, very quick
A: (nimble swimmer 2), mertail
a: Renounce Religion


You were on level 6 of the Dungeon.
You worshipped the Shining One.
The Shining One was noncommittal.
You visited 1 branch of the dungeon, and saw 7 of its levels.

You collected 395 gold pieces.

Inventory:

Hand Weapons
 a - a +0 trident (weapon)
Armour
 b - a +0 leather armour (worn)
 c - a +0 helmet (worn)
 g - a +1 pair of gloves (worn)
Jewellery
 f - an amulet of guardian spirit (around neck)
 k - a ring of protection from cold (left hand)
 r - a ring of poison resistance (right hand)
 s - a +4 ring of evasion
Wands
 e - a wand of paralysis (5)
 l - a wand of iceblast (5)
Scrolls
 m - a scroll of blinking
Potions
 h - a potion of lignification
 j - a potion of mutation


   Skills:
 + Level 6.3 Fighting
 + Level 9.0 Polearms
 - Level 2.0 Throwing
 + Level 3.9 Armour
 + Level 8.1 Dodging


You had 7 spell levels left.
You didn't know any spells.
Your spell library contained the following spells:

 Spells                   Type           Power      Damage    Failure   Level
 Animate Skeleton         Necr           0%         N/A       50%         1
 Pain                     Necr           0%         1d4       50%         1
 Vampiric Draining        Necr           0%         2d6       86%         3
 Animate Dead             Necr           0%         N/A       99%         4
 Agony                    Necr           0%         N/A       100%        5


Dungeon Overview and Level Annotations

Branches:
Dungeon (7/15)
 Temple: D:4-7

Altars:
Ashenzari
Makhleb
Trog
Zin
The Shining One


Innate Abilities, Weirdness & Mutations

((You are quick and stealthy near water. (Stealth+, EV+, Speed+++)))
Your lower body shifts to a powerful aquatic tail in water.


Message History

You are too injured to fight recklessly!
You hit the orc warrior but do no damage.
An orc comes into view. It is wielding a +0 dagger.
You barely miss the orc warrior. The orc warrior misses you.
The orc closely misses you.
You hit the orc warrior but do no damage.
The orc warrior hits you with a +0 mace!
The orc hits you but does no damage.
You barely miss the orc warrior.
The orc warrior hits you with a +0 mace!
* * * LOW HITPOINT WARNING * * *
The orc barely misses you.
An orc wizard comes into view. It is wielding a +0 trident.
The orc wizard shouts!
The orc wizard gestures wildly while chanting.
The orc wizard flickers and vanishes!
Deactivating autopickup; reactivate with Ctrl-A.
Something tries to affect you, but you resist.
A killer bee comes into view.
The killer bee buzzes angrily.
The killer bee barely misses you. The killer bee stings you!
* * * LOW HITPOINT WARNING * * *
The killer bee barely misses you. The killer bee stings you.
* * * LOW HITPOINT WARNING * * *
The killer bee closely misses you. The killer bee stings you.
* * * LOW HITPOINT WARNING * * *
The killer bee stings you.
There is a stone staircase leading up here.
You can't go down here!
The killer bee barely misses you. The killer bee closely misses you.
You climb upwards.
Reactivating autopickup.
There is a stone staircase leading down here.
You feel yourself speed up.
The killer bee stings you but does no damage.
The killer bee stings you.
You die...

#.........###.#..#########
#........[##..#.## #......
#...............# ##...###
#.........##.#.## #...##
#..............# #..##
#..............# #..#
#>.............####..####
#.......................#
#.......[@y.............##
##...(...###..............
##.....###..##.........##
####### #.###.........##
#########.############..
#......................#
#..........#############
#..........# #..........#


You could see a killer bee.

Vanquished Creatures
  Maggie (D:7)
  A sky beast (D:5)
  An ogre (D:5)
  2 phantoms
  A scorpion (D:4)
  2 killer bees (D:7)
  A howler monkey (D:4)
  A bullfrog zombie (D:5)
  2 hounds
  An orc priest (D:7)
  A bullfrog skeleton (D:6)
  A gnoll shaman (D:4)
  2 jellies
  An orc wizard (D:5)
  8 iguanas
  2 howler monkey zombies (D:7)
  13 gnolls
  5 adders
  A howler monkey skeleton (D:7)
  A shadow imp (D:7)
  An adder skeleton (D:5)
  A worm (D:2)
  4 dart slugs
  16 orcs
  6 bats
  7 endoplasms
  2 giant cockroaches
  4 goblins
  5 hobgoblins
  3 quokkas
  11 ball pythons
  3 frilled lizards
  10 kobolds
  11 rats
132 creatures vanquished.

Vanquished Creatures (others)
  An orc wizard (D:5)
1 creature vanquished.

Grand Total: 133 creatures vanquished

Notes
Turn   | Place    | Note
-------+----------+-------------------------------------------
     0 | D:1      | Demosthentine the Merfolk Gladiator began the quest for the
                  | Orb.
     0 | D:1      | Reached XP level 1. HP: 16/16 MP: 1/1
   102 | D:1      | Reached XP level 2. HP: 21/23 MP: 2/2
   271 | D:1      | Found a faded altar of an unknown god.
   470 | D:1      | Reached XP level 3. HP: 22/28 MP: 3/3
   921 | D:1      | Reached skill level 5 in Polearms
  1601 | D:2      | Reached skill level 1 in Armour
  2113 | D:3      | Found a bloodstained altar of Trog.
  2169 | D:3      | Reached XP level 4. HP: 33/35 MP: 2/4
  2321 | D:3      | Found a burning altar of Makhleb.
  2399 | D:3      | Found a glowing silver altar of Zin.
  2400 | D:3      | Noticed an angel
  2404 | D:3      | Noticed an Executioner
  2757 | D:4      | Reached skill level 5 in Dodging
  2757 | D:4      | Reached XP level 5. HP: 36/41 MP: 5/5
  3099 | D:4      | Noticed a phantom
  3119 | D:4      | Killed a phantom
  3120 | D:4      | Reached skill level 6 in Polearms
  3120 | D:4      | Reached XP level 6. HP: 21/48 MP: 2/6
  4209 | D:4      | Identified the +6 falchion of the Whelk {flame, rElec rPois
                  | rC- rN+}
  4985 | D:5      | Entered Level 5 of the Dungeon
  5045 | D:5      | Reached XP level 7. HP: 26/55 MP: 2/7
  5505 | D:4      | Reached skill level 7 in Polearms
  5953 | D:5      | Reached skill level 5 in Fighting
  6310 | D:5      | Reached XP level 8. HP: 18/62 MP: 2/8
  6899 | D:5      | Found a broken altar of Ashenzari.
  6899 | D:5      | Found a glowing golden altar of the Shining One.
  6903 | D:5      | Became a worshipper of the Shining One
  7257 | D:6      | Reached skill level 8 in Polearms
  7989 | D:7      | HP: 4/96 [gnoll/+0 club (2)]
  8351 | D:7      | Noticed Maggie
  8389 | D:7      | Killed Maggie
  8555 | D:7      | Reached skill level 9 in Polearms
  8710 | D:7      | HP: 1/65 [killer bee (4)]
  8714 | D:6      | Slain by a killer bee

Illustrated notes

Levels and vault maps discovered:
D:1:      shiori_shiawase, layout_basic, basic_ecumenical_altar
D:2:      layout_loops_ring
D:3:      layout_basic, grunt_temple_overflow_order_and_chaos_2,
          general_overflow_altar
D:4:      layout_layer_cave, kennysheep_opposing_triangles
D:5:      layout_loops_ring, gammafunk_temple_overflow_elements
D:6:      layout_rooms, kennysheep_generic_room_12
D:7:      layout_rooms, chequers_temple_overflow_statue_of_worship,
          minmay_temple_entry_drinking_statues, uniq_joseph, uniq_maggie

Skill      XL: |  1  2  3  4  5  6  7  8 |
---------------+-------------------------+-----
Polearms       | 5 6 7 9 |  9.0
Armour         | 1 2 3 |  3.9
Fighting       | 3 4 5 6 |  6.3
Dodging        | 5 6 7 8 |  8.1
Throwing       | |  2.0

Action                   |  1- 3 |  4- 6 |  7- 9 || total
-------------------------+-------+-------+-------++-------
Melee: Trident           |   125 |   156 |   371 ||   652
Throw: Throwing net      |       |     2 |     3 ||     5
  Use: Scroll            |     3 |     8 |     2 ||    13
       Potion            |       |     2 |     5 ||     7
 Stab: Sleeping          |     6 |     3 |     1 ||    10
       Distracted        |       |     1 |     2 ||     3
       Held in net/web   |       |     2 |       ||     2
Armor: Leather armour    |    19 |    17 |    59 ||    95
       Skin              |       |       |    14 ||    14
Dodge: Dodged            |    60 |    88 |   175 ||   323

Table legend: (Time is in decaauts)
 A = Elapsed time spent in this place.
 B = Non-inter-level travel time spent in this place.
 C = Inter-level travel time spent in this place.
 D = Time resting spent in this place.
 E = Time spent auto-exploring this place.
 F = Levels seen in this place.
 G = Mean time per level.
                   A        B        C        D        E       F      G
               +--------+--------+--------+--------+--------+-----+--------+
         Total |   8688 |   8539 |    149 |    436 |   7007 |   7 | 1241.1 |
       Dungeon |   8688 |   8539 |    149 |    436 |   7007 |   7 | 1241.1 |
               +--------+--------+--------+--------+--------+-----+--------+

Top non-repeatable levels by time:
     D:4: 2612 daAuts
     D:5: 1766 daAuts
     D:1: 1217 daAuts
     D:6: 919 daAuts
     D:2: 847 daAuts
     D:7: 759 daAuts
     D:3: 564 daAuts
